 Dungeon Crawl Stone Soup version 0.30.1-4-g462c640d31 (webtiles) character file.

Game seed: 626565647370840232

635 arthad the Trooper (level 7, -6/44 HPs)
             Began as a Gargoyle Fighter on Aug 19, 2023.
             Mangled by a goblin
             ... wielding a +1 dagger of distortion
              (16 damage)
             ... on level 3 of the Dungeon.
             The game lasted 00:03:38 (2725 turns).

arthad the Trooper (Gargoyle Fighter)               Turns: 2725, Time: 00:03:38

Health: -6/44      AC: 12    Str: 22    XL:     7   Next: 50%
Magic:  7/7        EV: 10    Int:  8    God:
Gold:   214        SH:  5    Dex: 15    Spells: 6/6 levels left

rFire   . . .        k - +8 morningstar "Aubergine" {freeze, rElec rPois}
rCold   . . .        c - +0 buckler
rNeg    + . .        b - +0 scale mail
rPois   ∞            (no helmet)
rElec   +            (no cloak)
rCorr   +            (no gloves)
SInv    .            (no boots)
Will    .....        (no amulet) Stlth
                     p - +6 ring of dexterity
HPRegen 0.27/turn    w - ring of resist corrosion
MPRegen 0.10/turn

%: no passive effects
@: no status effects
A: sickness immunity, AC +4, negative energy resistance 1, electricity
resistance, torment resistance 1, petrification resistance
a: no special abilities


You were on level 3 of the Dungeon.
You visited 1 branch of the dungeon, and saw 6 of its levels.

You collected 214 gold pieces.

Inventory:

Hand Weapons
 a - a +0 war axe
 k - the +8 morningstar "Aubergine" (weapon) {freeze, rElec rPois}
   (You found it on level 2 of the Dungeon)

   rElec:     It insulates you from electricity.
   rPois:     It protects you from poison.
Missiles
 q - 9 poisoned darts (quivered)
Armour
 b - a +0 scale mail (worn)
 c - a +0 buckler (worn)
Jewellery
 p - a +6 ring of dexterity (left hand)
 w - a ring of resist corrosion (right hand)
 y - a ring of ice
Scrolls
 f - 8 scrolls of identify {unknown}
 h - a scroll of fear {unknown}
 j - 4 scrolls of enchant armour {unknown}
 l - a scroll of noise {unknown}
 o - 3 scrolls of poison {unknown}
 r - 2 scrolls of amnesia {unknown}
 t - 2 scrolls of teleportation {unknown}
 x - a scroll of blinking {unknown}
Potions
 d - 3 potions of might
 e - a potion of cancellation {unknown}
 g - a potion of attraction {unknown}
 i - 2 potions of haste {unknown}
 m - a potion of resistance {unknown}
 n - 2 potions of mutation {unknown}
 s - a potion of magic {unknown}
 u - a potion of invisibility {unknown}
 v - 2 potions of ambrosia {unknown}
 z - a potion of lignification {unknown}
 A - a potion of curing {unknown}


   Skills:
 * Level 5.4 Fighting
 - Level 2.6(2.9) Axes
 + Level 2.0(2.7) Maces & Flails
 * Level 5.3 Armour
 + Level 1.8 Dodging
 * Level 5.2 Shields


You had 6 spell levels left.
You didn't know any spells.
Your spell library contained the following spells:

 Spells                   Type           Power      Damage    Failure   Level
 Sandblast                Erth           0%         2d4       78%         1
 Passwall                 Tmut/Erth      0%         N/A       89%         2
 Stone Arrow              Conj/Erth      0%         3d7       98%         3


Dungeon Overview and Level Annotations

Branches:
Dungeon (6/15)
 Temple: D:4-7

Altars:
Hepliaklqana

Annotations:
D:3 1 runed translucent door


Innate Abilities, Weirdness & Mutations

You are immune to sickness and miasma.
Your stone body is resilient. (AC +4)
You are immune to poison.
You resist negative energy. (rN+)
You are resistant to electric shocks. (rElec)
You are resistant to unholy torment.
You are immune to petrification.


Message History

The bat closely misses you.
You sock the bat! You freeze the bat.
You kill the bat!
No target in view!
No target in view!
No target in view!
No target in view!
No target in view!
No target in view!
No target in view!
No target in view!
f - 8 scrolls labelled FYNKAY ZILO (gained 1)
You enter the shallow water.
Moving in this stuff is going to be slow.
A goblin comes into view.
It is wielding a +1 dagger of distortion.
The goblin shouts!
The goblin hits you but does no damage. Space warps horribly around you!!
You barely miss the goblin. The goblin hits you but does no damage.
Space warps horribly around you!
* * * LOW HITPOINT WARNING * * *
You are too injured to fight recklessly!
You are too injured to fight recklessly!
You are too injured to fight recklessly!
You are too injured to fight recklessly!
You are too injured to fight recklessly!
You are too injured to fight recklessly!
You are too injured to fight recklessly!
You are too injured to fight recklessly!
You are too injured to fight recklessly!
You are too injured to fight recklessly!
You are too injured to fight recklessly!
You completely miss the goblin. The goblin closely misses you.
You closely miss the goblin. You block the goblin's attack. x2
You barely miss the goblin. The goblin hits you but does no damage.
Space warps around you.
* * * LOW HITPOINT WARNING * * *
You closely miss the goblin. The goblin barely misses you.
You closely miss the goblin. The goblin hits you but does no damage.
Space warps horribly around you!
You die...

.....)..............###.#
~~~~~~≈~~~†~~~~~~~~≈≈# .#
~~~~~~≈≈≈~~~≈≈~~~~≈~~#
....................##
#################.###
##.## ##.## #. #####.# #.
#@..#.# ##. #..g###.##
##.############# ###
.#.#....#....#.#.
.........#..#...#
.#.#.............
.................
............>....
..####.....###.#


You could see a goblin.

Vanquished Creatures
  Grinder (D:4)
  Eustachio (D:4)
  A scorpion (D:5)
  A hound (D:4)
  Jessica (D:3)
  An iguana (D:5)
  4 adders
  4 gnolls (D:2)
  A white imp (D:5)
  2 dart slugs
  3 ball pythons
  2 endoplasms
  5 giant cockroaches
  3 goblins
  6 hobgoblins
  12 jackals
  4 quokkas
  10 bats
  3 frilled lizards
  4 kobolds
  3 rats
72 creatures vanquished.

Notes
Turn   | Place    | Note
-------+----------+-------------------------------------------
     0 | D:1      | arthad the Gargoyle Fighter began the quest for the Orb.
     0 | D:1      | Reached XP level 1. HP: 14/14 MP: 1/1
   366 | D:1      | Reached XP level 2. HP: 16/19 MP: 2/2
   568 | D:1      | Reached XP level 3. HP: 22/23 MP: 3/3
  1069 | D:2      | Identified the +8 morningstar "Aubergine" {freeze, rElec
                  | rPois}
  1243 | D:2      | Reached XP level 4. HP: 24/29 MP: 4/4
  1983 | D:3      | Noticed Jessica
  1989 | D:3      | Killed Jessica
  1990 | D:3      | Reached XP level 5. HP: 33/33 MP: 5/5
  2016 | D:3      | Found a runed translucent door.
  2070 | D:3      | You fall into a shaft and drop 3 floors!
  2076 | D:6      | Noticed a phantom
  2083 | D:5      | Entered Level 5 of the Dungeon
  2205 | D:5      | Reached skill level 1 in Maces & Flails
  2205 | D:5      | Reached skill level 1 in Dodging
  2205 | D:5      | Reached XP level 6. HP: 39/39 MP: 6/6
  2246 | D:5      | Found a hazy altar of Hepliaklqana.
  2321 | D:4      | Noticed Grinder
  2322 | D:4      | Paralysed by Grinder for 3 turns
  2335 | D:4      | Paralysed by Grinder for 5 turns
  2348 | D:4      | Killed Grinder
  2349 | D:4      | Reached skill level 5 in Fighting
  2349 | D:4      | Reached skill level 5 in Armour
  2349 | D:4      | Reached skill level 5 in Shields
  2349 | D:4      | Reached XP level 7. HP: 18/44 MP: 7/7
  2479 | D:4      | Noticed Eustachio
  2487 | D:4      | Killed Eustachio
  2725 | D:3      | Mangled by a goblin

Illustrated notes

Levels and vault maps discovered:
D:1:      dpeg_arrival_court, layout_basic
D:2:      minmay_general_purpose_star, layout_loops_ring
D:3:      wad_river_or_something, layout_basic, ebering_ghost_sewer_d,
          serial_shops, shop, uniq_crazy_yiuf_cottage, uniq_jessica
D:4:      layout_layer_cave, minmay_temple_entry_mist, uniq_grinder,
          uniq_eustachio
D:5:      layout_cave_pools, mainiacjoe_overflow_tiny_flanked
D:6:      layout_basic, minmay_bent

Skill      XL: |  1  2  3  4  5  6  7 |
---------------+----------------------+-----
Axes           | 2 |  2.6
Fighting       | 4 5 |  5.4
Armour         | 4 5 |  5.3
Shields        | 4 5 |  5.2
Maces & Flails | 1 2 |  2.0
Dodging        | 1 |  1.8

Action                     |  1- 3 |  4- 6 |  7- 9 || total
---------------------------+-------+-------+-------++-------
  Melee: War axe           |    73 |       |       ||    73
         Morningstar       |    29 |    59 |    16 ||   104
 Armour: Scale mail        |    69 |    19 |     6 ||    94
  Dodge: Dodged            |    65 |    24 |     6 ||    95
  Block: Buckler           |    25 |    11 |     2 ||    38
